 Dungeon Crawl Stone Soup version 0.28.0 (webtiles) character file.

Game seed: 17718210861122505239

4453 crazypyro the Cleaver (level 10, -19/81 (86) HPs)
             Began as a Minotaur Fighter on Feb 4, 2022.
             Was a Priest of Okawaru.
             Shot with an arrow by a centaur warrior (20 damage)
             ... on level 9 of the Dungeon.
             The game lasted 00:07:24 (10042 turns).

crazypyro the Cleaver (Minotaur Fighter)           Turns: 10042, Time: 00:07:25

HP:   -19/81 (86)   AC:  7    Str: 25    XL:     10   Next: 15%
MP:   9/9           EV: 12    Int:  5    God:    Okawaru [***...]
Gold: 374           SH:  0    Dex: 16    Spells: 9/9 levels left

rFire   . . .      SeeInvis .   G - +3 battleaxe
rCold   . . .      Faith    .   (shield currently unavailable)
rNeg    . . .      Spirit   .   b - +0 scale mail
rPois   .          Reflect  .   (helmet restricted)
rElec   .          Harm     .   (no cloak)
rCorr   .          Rampage  .   (no gloves)
Will    .....                   (no boots)
Stlth   ..........              (no amulet)
HPRegen 0.23/turn               u - +6 ring of dexterity
MPRegen 0.11/turn               z - ring of flight

@: flying, drained
A: horns 2, retaliatory headbutt
a: Renounce Religion, Heroism


You were on level 9 of the Dungeon.
You worshipped Okawaru.
Okawaru was most pleased with you.
You visited 2 branches of the dungeon, and saw 10 of its levels.

You collected 374 gold pieces.

Inventory:

Hand Weapons
 a - a +0 war axe
 F - a +1 hand axe of electrocution
 G - a +3 battleaxe (weapon)
Armour
 b - a +0 scale mail (worn)
 c - a +0 buckler
 H - a +1 robe of the Archmagi
Jewellery
 f - a ring of fire
 i - a ring of ice
 u - a +6 ring of dexterity (left hand)
 z - a ring of flight (right hand)
 E - a ring of magical power
Wands
 x - a wand of mindburst (7)
 y - a wand of flame (16)
Scrolls
 d - a scroll of fog {unknown}
 h - 8 scrolls of identify {unknown}
 j - 2 scrolls of amnesia
 k - 4 scrolls of teleportation {unknown}
 n - 3 scrolls of fear {unknown}
 q - 2 scrolls of vulnerability {unknown}
 w - a scroll of enchant weapon {unknown}
 A - a scroll of brand weapon {unknown}
 C - a scroll of enchant armour {unknown}
 D - a scroll of magic mapping {unknown}
Potions
 e - a potion of invisibility {unknown}
 g - a potion of berserk rage {unknown}
 l - a potion of degeneration {unknown}
 m - 2 potions of ambrosia {unknown}
 o - 6 potions of attraction {unknown}
 p - 2 potions of haste {unknown}
 r - 3 potions of heal wounds {unknown}
 s - 2 potions of resistance {unknown}
 t - a potion of curing {unknown}
 v - 2 potions of mutation {unknown}
 B - 2 potions of brilliance {unknown}


   Skills:
 + Level 7.0 Fighting
 * Level 13.5 Axes
 + Level 7.2 Armour
 + Level 3.8 Dodging
 - Level 7.1 Shields


You had 9 spell levels left.
You didn't know any spells.
Your spell library contained the following spells:

 Spells                   Type           Power      Damage    Failure   Level
 Petrify                  Tmut/Erth      0%         N/A       100%        4
 Metabolic Englaciation   Hex/Ice        0%         N/A       100%        5
 Statue Form              Tmut/Erth      0%         N/A       100%        6
 Summon Small Mammal      Summ           Unusable   N/A       N/A         1
 Call Canine Familiar     Summ           Unusable   N/A       N/A         3
 Summon Guardian Golem    Hex/Summ       Unusable   N/A       N/A         3

Dungeon Overview and Level Annotations

Branches:
Dungeon (8/15)             Temple (1/1) D:5
   Lair: D:8-11

Altars:
Ashenzari
Cheibriados
Dithmenos
Elyvilon
Gozag
Hepliaklqana
Nemelex Xobeh
Okawaru
Ru
Sif Muna
Trog
Uskayaw
Vehumet
Wu Jian
Xom
Yredelemnul
Zin
The Shining One

Shops:
D:3 [   D:5 [


Innate Abilities, Weirdness & Mutations

You have a pair of horns on your head.
You reflexively headbutt those who attack you in melee.


Message History

The centaur unwields a +0 shortbow.
The centaur hits you. The centaur kicks you.
A centaur warrior comes into view.
The centaur wields a +0 shortbow.
The centaur shoots an arrow.
The arrow barely misses you.
You slice the centaur!!
The centaur is almost dead.
The centaur hits you but does no damage.
The centaur kicks you but does no damage.
The centaur shoots an arrow.
The arrow hits you!
The centaur hits you but does no damage.
The centaur kicks you but does no damage.
You slash the centaur!
You kill the centaur!
Okawaru accepts your kill.
The centaur warrior wields a +0 shortbow.
The centaur warrior shoots an arrow.
The arrow hits you!
You slash the centaur!
The centaur is moderately wounded.
The centaur unwields a +0 shortbow.
The centaur misses you.
The centaur kicks you but does no damage.
The centaur warrior shoots an arrow.
The arrow misses you.
You slice the centaur!!
You kill the centaur!
Okawaru accepts your kill.
A centaur zombie comes into view.
The centaur warrior shoots an arrow.
The arrow hits you!!
The centaur warrior shoots an arrow.
The arrow hits you!
* * * LOW HITPOINT WARNING * * *
You are too injured to fight recklessly!
The centaur warrior shoots an arrow.
The arrow misses you.
Things that are here:
a +0 shortbow; 24 arrows; a centaur corpse
As you read the scroll labelled QIUQIR TEHU, it crumbles to dust.
It is a scroll of amnesia.
You feel forgetful for a moment.
The centaur warrior shoots an arrow.
The arrow hits you!!
* * * LOW HITPOINT WARNING * * *
The centaur warrior shoots an arrow.
The arrow hits you!!
You die...

...............
.................
.................
.........Z.......
.........c.......
.................
................#
..........)......
........@........
.................
.................
........?.......#
................#
.................
..#.#............
...............##


You could see a centaur warrior and a centaur zombie.

Vanquished Creatures
  An ugly thing (D:8)
  Sigmund (D:5)
  2 steam dragons
  A water moccasin (D:6)
  An ice beast (D:6)
  2 sky beasts
  A black bear (D:7)
  2 necrophages
  4 orc warriors
  2 centaurs (D:9)
  A phantom (D:5)
  2 ogres
  A bullfrog (D:8)
  A gnoll sergeant (D:4)
  4 scorpions
  A water moccasin skeleton (D:4)
  A wyvern skeleton (D:7)
  6 killer bees (D:8)
  15 wights
  A centaur zombie (D:8)
  A bullfrog zombie (D:5)
  2 bullfrog skeletons
  2 hounds
  2 jellies
  6 orc priests
  2 iguanas (D:7)
  4 orc wizards
  2 killer bee zombies
  2 hound skeletons (D:4)
  A howler monkey zombie (D:4)
  3 gnolls (D:5)
  8 adders
  A white imp (D:7)
  An adder zombie (D:5)
  4 dart slugs
  33 orcs
  2 bats
  4 endoplasms
  2 goblins (D:4)
  8 hobgoblins
  7 jackals
  5 kobolds
  3 quokkas
  9 ball pythons
  2 frilled lizards (D:3)
  5 rats
171 creatures vanquished.

Notes
Turn   | Place    | Note
-------+----------+-------------------------------------------
     0 | D:1      | crazypyro the Minotaur Fighter began the quest for the Orb.
     0 | D:1      | Reached XP level 1. HP: 19/19 MP: 0/0
   276 | D:1      | Reached XP level 2. HP: 22/27 MP: 1/1
   435 | D:1      | Reached skill level 3 in Axes
   662 | D:1      | Found a faded altar of an unknown god.
  1122 | D:2      | Reached XP level 3. HP: 26/33 MP: 2/2
  1959 | D:3      | Noticed a sky beast
  1969 | D:3      | Reached XP level 4. HP: 27/40 MP: 3/3
  1970 | D:3      | Found Pyzi's Antique Armour Shoppe.
  2082 | D:2      | Reached skill level 4 in Axes
  2110 | D:3      | Killed a sky beast
  2111 | D:3      | Reached XP level 5. HP: 12/47 MP: 4/4
  2381 | D:3      | Reached skill level 5 in Axes
  2683 | D:3      | Found a shimmering blue altar of Sif Muna.
  2829 | D:4      | Reached XP level 6. HP: 46/55 MP: 5/5
  2882 | D:4      | Reached skill level 5 in Fighting
  2882 | D:4      | Reached skill level 5 in Armour
  2882 | D:4      | Reached skill level 5 in Shields
  3425 | D:4      | Reached skill level 6 in Axes
  3696 | D:4      | Reached XP level 7. HP: 61/61 MP: 6/6
  3903 | D:5      | Entered Level 5 of the Dungeon
  4240 | D:5      | Reached skill level 7 in Axes
  4328 | D:5      | Found Ihah's Armour Boutique.
  4429 | D:5      | Found a staircase to the Ecumenical Temple.
  4448 | D:5      | Reached skill level 8 in Axes
  4458 | Temple   | Entered the Ecumenical Temple
  4626 | Temple   | Became a worshipper of Warmaster Okawaru
  4671 | D:5      | Noticed Sigmund
  4935 | D:6      | Noticed a steam dragon
  4940 | D:6      | Reached XP level 8. HP: 41/69 MP: 7/7
  4945 | D:6      | HP: 1/69 [steam dragon/ball of steam (16)]
  5335 | D:5      | Reached skill level 9 in Axes
  5380 | D:5      | Found a sacrificial altar of Ru.
  5380 | D:5      | Found an opulent altar of Gozag.
  5439 | D:5      | Killed Sigmund
  5439 | D:5      | Reached * piety under Okawaru
  5597 | D:6      | Reached skill level 10 in Axes
  6136 | D:6      | Reached skill level 11 in Axes
  6326 | D:6      | Reached ** piety under Okawaru
  6343 | D:6      | Reached skill level 12 in Axes
  6591 | D:6      | Found a glowing golden altar of the Shining One.
  6733 | D:6      | Reached XP level 9. HP: 45/73 MP: 8/8
  7365 | D:7      | Reached skill level 1 in Dodging
  7565 | D:7      | Found a shadowy altar of Dithmenos.
  8114 | D:7      | Reached *** piety under Okawaru
  8621 | D:8      | Reached skill level 13 in Axes
  8804 | D:8      | Noticed a brown ugly thing
  8814 | D:8      | Killed a brown ugly thing
  9021 | D:8      | Reached XP level 10. HP: 29/84 MP: 9/9
 10033 | D:8      | You are sucked into a shaft and drop 1 floor!
 10035 | D:9      | Noticed a centaur warrior
 10042 | D:9      | HP: 1/81 [centaur warrior/arrow (21)]
 10042 | D:9      | Shot with an arrow by a centaur warrior

Illustrated notes

Levels and vault maps discovered:
D:1:      minmay_arrival_widening_spiral_narrow, layout_loops_ring,
          dilly_ecumenical_altar_fadedgnrine
D:2:      layout_basic, serial_corexii_hall, corexii_hall_statues_x,
          corexii_hall_statues_u, corexii_hall_statues_i,
          corexii_hall_statues_x, chequers_hall_statues_wall_a,
          corexii_hall_statues_deadend, hex_large
D:3:      layout_rooms, mainiacjoe_overflow_boulevard, serial_shops,
          nicolae_shop_waterfront
D:4:      minmay_chambers_of_threes, layout_loops_cross,
          minmay_misc_feat_diagonals
D:5:      layout_gridville, gammafunk_temple_overflow_wave,
          minmay_temple_entry_statues, serial_shops, nicolae_shop_behind_doors,
          uniq_sigmund
D:6:      layout_basic, mainiacjoe_overflow_alcove_4
D:7:      layout_cave_pools, grunt_dithmenos_smoke
D:8:      layout_gridville, minivault_19
D:9:      layout_big_octagon, mainiacjoe_overflow_six_doors_small,
          glass_columns_a, minmay_misc_feat_chi, uniq_erica
Temple:   nicolae_temple_god_jail

Skill      XL: |  1  2  3  4  5  6  7  8  9 10 |
---------------+-------------------------------+-----
Axes           | 3 4 5 6 8 12 13 | 13.5
Fighting       | 4 5 6 7 |  7.0
Shields        | 4 5 6 7 |  7.1
Armour         | 4 5 7 |  7.2
Dodging        | 3 |  3.8

Action                   |  1- 3 |  4- 6 |  7- 9 | 10-12 || total
-------------------------+-------+-------+-------+-------++-------
Melee: War axe           |    55 |    85 |   249 |    37 ||   426
       Headbutt          |     5 |    10 |    51 |    10 ||    76
       Battleaxe         |       |       |       |     4 ||     4
Invok: Heroism           |       |       |     1 |       ||     1
  Use: Potion            |       |       |     1 |       ||     1
       Scroll            |       |       |       |     1 ||     1
Armor: Scale mail        |    30 |    42 |    68 |    17 ||   157
Dodge: Dodged            |    27 |    29 |   127 |    21 ||   204
Block: Buckler           |     9 |     9 |    57 |     5 ||    80
